 Dungeon Crawl Stone Soup version 0.26-a0-651-gb41185065b (webtiles) character file.

Game seed: 1631082219384421460

130 Peloso the Shield-Bearer (level 4, 29/40 HPs)
             Began as a Minotaur Fighter on Sept 30, 2020.
             Got out of the dungeon alive.
             The game lasted 00:02:57 (1733 turns).

Peloso the Shield-Bearer (Minotaur Fighter)         Turns: 1733, Time: 00:02:58

Health: 29/40      AC:  9    Str: 20 (21) XL:     4   Next: 90%
Magic:  3/3        EV:  7    Int:  3 (5)  God:
Gold:   123        SH: 14    Dex:  8 (10) Spells: 3/3 levels left

rFire    . . .     SeeInvis .   a - +0 long sword
rCold    . . .     Faith    .   c - +0 kite shield
rNeg     . . .     Spirit   .   b - +0 scale mail
rPois    .         Reflect  +   (helmet restricted)
rElec    .         Harm     .   (no cloak)
rCorr    .         Rampage  .   (no gloves)
MR       .....                  (no boots)
Stlth    ..........             g - amulet of reflection
HPRegen  0.13/turn              (no ring)
MPRegen  0.08/turn              (no ring)

@: no status effects
A: retaliatory headbutt, horns 2, thin metallic scales 1, blink, screaming 1
a: Blink


You escaped.
You visited 1 branch of the dungeon, and saw 3 of its levels.

You collected 123 gold pieces.

Inventory:

Hand Weapons
 a - a +0 long sword (weapon)
Armour
 b - a +0 scale mail (worn)
 c - a +0 kite shield (worn)
Jewellery
 g - an amulet of reflection (around neck)
Scrolls
 e - 5 scrolls of identify {unknown}
 f - a scroll of teleportation {unknown}
 i - a scroll of remove curse {unknown}
Potions
 d - a potion of might


   Skills:
 + Level 4.1 Fighting
 + Level 4.0 Long Blades
 + Level 4.5 Armour
 + Level 0.5 Dodging
 + Level 4.8 Shields


You had 3 spell levels left.
You didn't know any spells.
Your spell library was empty.

Dungeon Overview and Level Annotations

Branches:
Dungeon (3/15)

Altars:
Kikubaaqudgha


Innate Abilities, Weirdness & Mutations

You reflexively headbutt those who attack you in melee.
You have a pair of horns on your head.
You are partially covered in thin metallic scales. (AC +2)
You can translocate small distances at will.
You occasionally shout uncontrollably at your foes.


Message History

You feel jittery.
You feel the urge to shout.
Thin metallic scales grow over part of your body.
(D) Dungeon
Where to? (Enter - D:12, ? - help)
What level of the Dungeon? (default 1, ? - help)
You see here an adder corpse.
You feel sick.
There is a stone staircase leading up here.
You feel sick.
You climb upwards.
There is a stone staircase leading down here.
You feel sick.
You are no longer poisoned.
There is a stone staircase leading up here.
You climb upwards.
There is a stone staircase leading down here.
There is a stone staircase leading down here.
There is a staircase leading out of the dungeon here.
Are you sure you want to leave the Dungeon?
This will make you lose the game!
You have escaped!

## #......................... .#
####..##.#.###.#..........)..
.####....#...#.....#.............
.........#.###.#.#.###..........#
##.......#.#.........#...........
#.......###.#.#.#.#.###.........
##.............#.#...............
..#......#.#.###.###.#.#[......#.
..#......#......@......#.......#.
..#......#.#.###.###.#.#.........
...............#.#..............#
###......###.#.#.#.#.###........#
...........#.........#..........#
##############.#.#.###...>......#
#.....# ##........## #.###.#
##..)...## ### ### ########


There were no monsters in sight!

Vanquished Creatures
  Natasha (thrice) (D:2)
  2 adders
  2 leopard geckos
  3 bats
  7 giant cockroaches
  6 goblins
  3 hobgoblins (D:2)
  2 frilled lizards (D:1)
  5 kobolds
  3 rats (D:2)
36 creatures vanquished.

Notes
Turn   | Place    | Note
-------+----------+-------------------------------------------
     0 | D:1      | Peloso the Minotaur Fighter began the quest for the Orb.
     0 | D:1      | Reached XP level 1. HP: 19/19 MP: 0/0
    74 | D:1      | Reached XP level 2. HP: 27/27 MP: 1/1
   539 | D:2      | Noticed Natasha
   547 | D:2      | Killed Natasha
   547 | D:2      | Reached XP level 3. HP: 33/33 MP: 2/2
   770 | D:2      | Found an ancient bone altar of Kikubaaqudgha.
   962 | D:2      | Reached XP level 4. HP: 40/40 MP: 3/3
  1348 | D:2      | Noticed Natasha
  1358 | D:2      | Killed Natasha
  1376 | D:2      | Noticed Natasha
  1386 | D:2      | Killed Natasha
  1675 | D:3      | Gained mutation: You can translocate small distances at
                  | will. [potion of mutation]
  1675 | D:3      | Gained mutation: You occasionally shout uncontrollably at
                  | your foes. [potion of mutation]
  1675 | D:3      | Gained mutation: You are partially covered in thin metallic
                  | scales. (AC +2) [potion of mutation]
  1733 | D:$      | Got out of the dungeon alive.

Illustrated notes

Levels and vault maps discovered:
D:1:      roderic_chinese_lattice_arrival, layout_rooms
D:2:      layout_basic, lemuel_round_altar, uniq_natasha
D:3:      layout_rooms, eat_drink_and_be_merry_uskayaw, kennysheep_pointless_box

Skill      XL: |  1  2  3  4 |
---------------+-------------+-----
Armour         | 4 |  4.5
Fighting       | 4 |  4.1
Long Blades    | 3 4 |  4.0
Shields        | 4 |  4.8
Dodging        | |  0.5

Action                   |  1- 3 |  4- 6 || total
-------------------------+-------+-------++-------
Melee: Long sword        |    84 |    35 ||   119
       Headbutt          |     7 |     3 ||    10
  Use: Potion            |     1 |     3 ||     4
Armor: Scale mail        |    27 |    12 ||    39
Dodge: Dodged            |    23 |    10 ||    33
Block: Kite shield       |    56 |    30 ||    86
       Rpst.: Long sword |     7 |     4 ||    11

Table legend: (Time is in decaauts)
 A = Elapsed time spent in this place.
 B = Non-inter-level travel time spent in this place.
 C = Inter-level travel time spent in this place.
 D = Time resting spent in this place.
 E = Time spent auto-exploring this place.
 F = Levels seen in this place.
 G = Mean time per level.
                   A        B        C        D        E       F      G
               +--------+--------+--------+--------+--------+-----+--------+
         Total |   1771 |   1631 |    140 |    121 |   1162 |   3 |  590.3 |
       Dungeon |   1771 |   1631 |    140 |    121 |   1162 |   3 |  590.3 |
               +--------+--------+--------+--------+--------+-----+--------+

Top non-repeatable levels by time:
     D:2: 1149 daAuts
     D:1: 573 daAuts
     D:3: 48 daAuts
